 Dungeon Crawl Stone Soup version 0.31.0-1-g2c135a008e (webtiles) character file.

Game seed: 15948503144104084586

63 qw the Shooter (level 4, -1/35 HPs)
             Began as a Djinni Hunter on Jan 23, 2024.
             Killed from afar by Sigmund (4 damage)
             ... with a magic dart
             ... on level 2 of the Dungeon.
             The game lasted 00:00:05 (1469 turns).

qw the Shooter (Djinni Hunter)                      Turns: 1469, Time: 00:00:05

Health: -1/35      AC:  5    Str: 10    XL:     4   Next: 31%
Gold:   79         EV: 11    Int: 10    God:
                   SH:  0    Dex: 19

rFire   + + +        a - +0 shortbow
rCold   x . .        (shield currently unavailable)
rNeg    . . .        i - +0 ring mail
rPois   inf          (no helmet)
rElec   .            (no cloak)
rCorr   .            (no gloves)
SInv    .            (boots unavailable)
Will    .....        (no amulet)
Stlth   +            g - ring of protection from fire
HPRegen 0.25/turn    (no ring)
MPRegen 0.00/turn

%: infuse magic (-2 HP)
@: flying
A: sickness immunity, fire resistance 2, cold vulnerability 1, float, innate
caster, HP casting, extra vitality 1
a: no special abilities


You were on level 2 of the Dungeon.
You visited 1 branch of the dungeon, and saw 2 of its levels.

You collected 79 gold pieces.


Innate Abilities, Weirdness & Mutations

You are immune to sickness and miasma.
You are immune to poison.
Your flesh is very heat resistant. (rF++)
You are vulnerable to cold. (rC-)
You float through the air rather than walking.
You learn spells naturally, not from books.
Your magical power is your life essence.
You have superior vitality. (+4 MHP)


   Skills:
 - Level 3.0 Fighting
 + Level 4.0 Ranged Weapons
 - Level 1.0 Armour
 - Level 2.1 Dodging
 - Level 0.7 Stealth


You knew the following spells:

 Your Spells              Type           Power      Damage    Failure   Level
a - Freeze                Ice            0%         1d3       67%         1
Your spell library was empty.

Inventory:

Hand Weapons
 a - a +0 shortbow (weapon)
Armour
 h - a +0 helmet
 i - a +0 ring mail (worn)
Jewellery
 e - a ring of positive energy
 g - a ring of protection from fire (left hand)
Scrolls
 b - 2 scrolls of identify {unknown}
 c - a scroll of fear {unknown}
Potions
 d - a potion of heal wounds {unknown}
 f - a potion of might {unknown}

Dungeon Overview and Level Annotations

Branches:
Dungeon (2/15)

Altars:
Hepliaklqana

Shops:
D:1 !

Annotations:
D:2 1 runed translucent door, Crazy Yiuf, Sigmund


Message History

Sigmund is severely wounded.
You shoot an arrow.
The arrow hits Sigmund but does no damage.
Sigmund is severely wounded.
Sigmund closely misses you.
You shoot an arrow.
The arrow hits Sigmund but does no damage.
Sigmund is severely wounded.
Sigmund casts a spell at you. The magic dart hits you.
You shoot an arrow. The arrow barely misses Sigmund.
Sigmund hits you but does no damage.
You shoot an arrow.
The arrow hits Sigmund but does no damage.
Sigmund is severely wounded.
Sigmund hits you from afar with a +1 scythe of protection.
You shoot an arrow. The arrow barely misses Sigmund.
Sigmund hits you from afar with a +1 scythe of protection.
You shoot an arrow. The arrow hits Sigmund.
Sigmund is almost dead.
Sigmund breathes a few words.
Sigmund's hands start flickering wildly.
Sigmund closely misses you.
You shoot an arrow.
The arrow hits Sigmund but does no damage.
Sigmund is almost dead.
Sigmund barely misses you.
You shoot an arrow. The arrow barely misses Sigmund.
Sigmund hits you from afar with a +1 scythe of protection.
You shoot an arrow.
The arrow hits Sigmund but does no damage.
Sigmund is almost dead.
Sigmund hits you from afar with a +1 scythe of protection!
You shoot an arrow.
The arrow hits Sigmund but does no damage.
Sigmund is almost dead.
Sigmund points at you and mumbles some strange words.
The magic dart hits you.
You die...
Sigmund begins carving another notch in his scythe.

#.#.##.#.#.###.....##.#
#.#.##.#.#.# #.....##.#
# #.##.#.#.###.........
##.#.##.#.#.....|......#
.....##.#.#######.#.####
.#................#.#
...........###%####.#
..###..<.# #..###.#
#@#### #...##^# #.#
#....### #@# ##..## #.#
7....7 #.# 77...7 #.#
77.77 ?.. 77.7 ... 7.77
77.7


You could see Sigmund.

Vanquished Creatures
  Robin (D:2)
  An adder (D:2)
  A dart slug (D:1)
  A bat (D:1)
  5 endoplasms
  3 giant cockroaches
  10 goblins (D:2)
  3 hobgoblins
  A quokka (D:1)
  3 ball pythons
  A frilled lizard (D:1)
  4 kobolds (D:1)
  4 rats
38 creatures vanquished.

Notes
Turn   | Place    | Note
-------+----------+-------------------------------------------
     0 | D:1      | qw the Djinni Hunter began the quest for the Orb.
     0 | D:1      | Reached XP level 1. HP: 18/18 MP: 0/0
     0 | D:1      | 0 ||| qw: Version: 0.3-a-136-gdd3b4e8
     0 | D:1      | 0 ||| qw: Game counter: 1089
     0 | D:1      | 0 ||| qw: Melee chars always use a shield: true
     0 | D:1      | 0 ||| qw: God list: Okawaru
     0 | D:1      | 0 ||| qw: Allow faded altars: false
     0 | D:1      | 0 ||| qw: Do Orc after clearing Dungeon:15 true
     0 | D:1      | 0 ||| qw: Do second Lair branch before Depths: true
     0 | D:1      | 0 ||| qw: Lair rune preference: random
     0 | D:1      | 0 ||| qw: Goals: Normal
     0 | D:1      | 0 ||| PLANNING D:1-11
   128 | D:1      | Reached XP level 2. HP: 16/23 MP: 0/0
   716 | D:1      | Reached XP level 3. HP: 28/28 MP: 0/0
   716 | D:1      | Learned a level 1 spell: Freeze
   736 | D:1      | Found Ilepsu's Distillery.
   739 | D:1      | Reached skill level 4 in Ranged Weapons
   745 | D:1      | 745 ||| SHOPLISTING 2 potions of cancellation (224 gold,
                  | have 41).
   745 | D:1      | 745 ||| SHOPLISTING 2 potions of curing (84 gold, have 41).
   745 | D:1      | 745 ||| SHOPLISTING 2 potions of enlightenment (140 gold,
                  | have 41).
   745 | D:1      | 745 ||| SHOPLISTING potion of enlightenment (70 gold, have
                  | 41).
   745 | D:1      | 745 ||| SHOPLISTING potion of heal wounds (70 gold, have
                  | 41).
  1012 | D:1      | 1012 ||| UPGRADING to +0 ring mail.
  1022 | D:1      | 1022 ||| DROPPING +0 leather armour.
  1023 | D:1      | 1023 ||| UPGRADING to ring of protection from fire.
  1024 | D:1      | 1024 ||| READING scroll labelled FOTHRY XOAWO.
  1025 | D:1      | 1025 ||| READING scroll labelled ECVEUWN XUNUUHUSU.
  1026 | D:1      | 1026 ||| DROPPING scroll of butterflies.
  1177 | D:2      | 1177 ||| RETREEEEATING.
  1181 | D:2      | Reached skill level 1 in Armour
  1184 | D:2      | Noticed Robin
  1185 | D:2      | 1185 ||| RETREEEEATING.
  1186 | D:2      | 1186 ||| RETREEEEATING.
  1191 | D:2      | 1191 ||| RETREEEEATING.
  1192 | D:2      | 1192 ||| RETREEEEATING.
  1202 | D:2      | 1202 ||| RETREEEEATING.
  1203 | D:2      | 1203 ||| RETREEEEATING.
  1209 | D:2      | Killed Robin
  1210 | D:2      | Reached XP level 4. HP: 15/34 MP: 0/0
  1363 | D:2      | Found a hazy altar of Hepliaklqana.
  1418 | D:2      | Reached skill level 3 in Fighting
  1427 | D:2      | Found a runed translucent door.
  1428 | D:2      | Noticed Crazy Yiuf
  1449 | D:2      | Noticed Sigmund
  1468 | D:2      | HP: 3/35 [Sigmund/+1 scythe of protection (12)]
  1469 | D:2      | Killed from afar by Sigmund

Levels and vault maps discovered:
D:1:      lightli_arrival_chessboard, layout_basic, serial_shops, shop,
          minmay_parallelograms
D:2:      layout_loops_ring, basic_altar, minmay_pentomino_r4, uniq_robin,
          uniq_crazy_yiuf_cottage, uniq_sigmund

Skill      XL: |  1  2  3  4 |
---------------+-------------+-----
Ranged Weapons | 4 |  4.0
Armour         | 1 |  1.0
Fighting       | 3 |  3.0
Dodging        | |  2.1
Stealth        | |  0.7

Action                     |  1- 3 |  4- 6 || total
---------------------------+-------+-------++-------
   Fire: Shortbow          |    96 |    34 ||   130
    Use: Scroll            |     2 |       ||     2
 Armour: Leather armour    |     9 |       ||     9
         Ring mail         |    43 |    18 ||    61
  Dodge: Dodged            |    49 |    10 ||    59

Table legend:
 A = Non-vault XP
 B = Vault XP
 C = Vault XP percentage of total XP
 D = Non-vault monster count
 E = Vault monster count
 F = Vault count percentage of total count
                 A         B        C        D         E       F
            +---------+---------+-------+---------+---------+-------
      Total |      53 |      38 |  41.8 |      24 |      14 |  36.8
            +---------+---------+-------+---------+---------+-------
        D:1 |      32 |       0 |   0.0 |      18 |       0 |   0.0
        D:2 |      21 |      38 |  64.4 |       6 |      14 |  70.0
            +---------+---------+-------+---------+---------+-------
